 Dungeon Crawl Stone Soup version 0.28-a0-1182-g381e24db82 (webtiles) character file.

Game seed: 7232514430752689387

84 freelancePsychic the Sneak (level 4, -9/33 HPs)
             Began as a Formicid Wanderer on Dec 16, 2021.
             Killed by nerve-wracking pain
             ... invoked by an orc priest
              (14 damage)
             ... on level 2 of the Dungeon.
             The game lasted 00:06:52 (3070 turns).

freelancePsychic the Sneak (Formicid Wanderer)      Turns: 3070, Time: 00:06:53

Health: -9/33      AC:  3    Str: 19    XL:     4   Next: 72%
Magic:  6/6        EV: 11    Int: 10    God:
Gold:   150        SH:  0    Dex: 11    Spells: 4/6 levels left

rFire   . . .      SeeInvis +   a - +1 dagger (venom)
rCold   . . .      Faith    .   (no shield)
rNeg    . . .      Spirit   .   d - +0 leather armour
rPois   .          Reflect  .   (helmet unavailable)
rElec   .          Harm     .   (no cloak)
rCorr   .          Rampage  .   (no gloves)
Will    .....                   (no boots)
Stlth   +++.......              (no amulet)
HPRegen 0.11/turn               (no ring)
MPRegen 0.10/turn               (no ring)

@: attractive
A: permanent stasis, dig shafts and tunnels, antennae 3, four strong arms
a: Dig, Shaft Self


You were on level 2 of the Dungeon.
You visited 1 branch of the dungeon, and saw 2 of its levels.

You collected 150 gold pieces.

Inventory:

Hand Weapons
 a - a +1 dagger of venom (weapon)
 b - a +0 hunting sling
Missiles
 k - 18 stones
Armour
 d - a +0 leather armour (worn)
 i - a +0 ring mail
Wands
 c - a wand of polymorph (6) (quivered)
Scrolls
 g - 2 scrolls of identify {unknown}
 j - a scroll of fear


   Skills:
 + Level 2.0 Fighting
 * Level 1.7 Short Blades
 - Level 6.0 Stealth
 - Level 1.9 Spellcasting
 - Level 1.5 Air Magic
 - Level 2.0 Poison Magic
 - Level 3.2 Evocations


You had 4 spell levels left.
You knew the following spells:

 Your Spells              Type           Power      Damage    Failure   Level
a - Poisonous Vapours     Pois/Air       8%         N/A       28%         2

Your spell library contained the following spells:

 Spells                   Type           Power      Damage    Failure   Level
 Corpse Rot               Necr/Air       4%         N/A       38%         2


Dungeon Overview and Level Annotations

Branches:
Dungeon (2/15)

Altars:

Annotations:
D:2 Sigmund


Innate Abilities, Weirdness & Mutations

You cannot be hasted, slowed, berserked, paralysed or teleported.
You can dig through walls and to a lower floor.
You have a pair of large antennae on your head. (SInv)
Your four strong arms can wield two-handed weapons with a shield.


Message History

You closely miss the orc.
The orc is severely wounded.
You kill the orc!
You hit the orc.
The orc is heavily wounded.
The orc priest invokes the aid of Beogh against you.
Pain shoots through your body!
You are too injured to fight recklessly!
You are too injured to fight recklessly!
You are too injured to fight recklessly!
You are too injured to fight recklessly!
You are too injured to fight recklessly!
You are too injured to fight recklessly!
You are too injured to fight recklessly!
You are too injured to fight recklessly!
You are too injured to fight recklessly!
You are too injured to fight recklessly!
You hit the orc.
You kill the orc!
You hit the orc priest.
The orc priest is poisoned.
The orc priest is lightly wounded.
You barely miss the orc priest.
The orc priest is lightly wounded.
The orc priest completely misses you.
You barely miss the orc priest.
The orc priest is moderately wounded.
The orc priest invokes the aid of Beogh against you.
Beogh smites you!
* * * LOW HITPOINT WARNING * * *
The orc priest looks satisfied for a moment.
You hit the orc priest.
The orc priest is lightly wounded.
The orc priest calls upon Beogh to heal the orc priest.
The orc priest's wounds heal themselves!
The orc priest hits you but does no damage.
It was a potion of attraction.
You feel attractive to monsters.
The orc priest invokes the aid of Beogh against you.
Pain shoots through your body!
You die...

#.# #...#.#.####.###### #.... #.#
#...#.#.# #.#### #....
#.#########..)# #....# #....
#.#......############'### #####
#.#......# #........# ###
#.#......#### #........# #..
##'#.........####...†....# #.#
..........##.#..o........######.#
..>............o@........'......{
...............##........######.{
...............####.....## ###
........†......# #.....# #
#####...##....g####.....# #
#...##.....##.......# #
#...##.....##.......#
#...##.....##{......#
#...##.....##....####


You could see 2 orc priests.

Vanquished Creatures
  2 adders (D:2)
  A worm (D:2)
  3 orcs (D:2)
  5 bats
  4 endoplasms (D:1)
  3 giant cockroaches (D:1)
  5 goblins
  10 hobgoblins
  3 jackals (D:2)
  4 quokkas
  4 ball pythons
  2 frilled lizards
  5 kobolds
  A rat (D:1)
52 creatures vanquished.

Notes
Turn   | Place    | Note
-------+----------+-------------------------------------------
     0 | D:1      | freelancePsychic the Formicid Wanderer began the quest for
                  | the Orb.
     0 | D:1      | freelancePsychic set off with the following items: a +2
                  | dagger, a scroll of fear, a wand of polymorph (6), a +0
                  | leather armour; and the following spells available to
                  | memorise: Corpse Rot, Poisonous Vapours
     0 | D:1      | Reached XP level 1. HP: 13/13 MP: 2/2
   525 | D:1      | Reached XP level 2. HP: 17/20 MP: 4/4
   530 | D:1      | Reached skill level 1 in Poison Magic
   836 | D:1      | Reached skill level 1 in Fighting
   915 | D:1      | Reached XP level 3. HP: 14/26 MP: 5/5
  1101 | D:1      | Found a faded altar of an unknown god.
  1739 | D:1      | Learned a level 2 spell: Poisonous Vapours
  2161 | D:2      | Reached XP level 4. HP: 32/32 MP: 6/6
  2467 | D:2      | Reached skill level 1 in Short Blades
  2847 | D:2      | Noticed Sigmund
  3070 | D:2      | Killed from afar by an orc priest

Illustrated notes

Levels and vault maps discovered:
D:1:      minmay_arrival_radiant_lines, layout_basic,
          hellmonk_ecumenical_altar_arch_garden, serial_bayou_crossing
D:2:      layout_basic, uniq_sigmund

Skill      XL: |  1  2  3  4 |
---------------+-------------+-----
Poison Magic   | 1 2 |  2.0
Fighting       | 1 2 |  2.0
Short Blades   | 1 |  1.7
Stealth        | |  6.0
Spellcasting   | |  1.9
Air Magic      | |  1.5
Evocations     | |  3.2

Action                   |  1- 3 |  4- 6 || total
-------------------------+-------+-------++-------
Melee: Dagger            |   152 |    60 ||   212
 Cast: Poisonous Vapours |     2 |     4 ||     6
  Use: Potion            |       |     2 ||     2
 Stab: Sleeping          |     1 |       ||     1
Armor: Leather armour    |    67 |    15 ||    82
Dodge: Dodged            |   101 |    28 ||   129

Table legend: (Time is in decaauts)
 A = Elapsed time spent in this place.
 B = Non-inter-level travel time spent in this place.
 C = Inter-level travel time spent in this place.
 D = Time resting spent in this place.
 E = Time spent auto-exploring this place.
 F = Levels seen in this place.
 G = Mean time per level.
                   A        B        C        D        E       F      G
               +--------+--------+--------+--------+--------+-----+--------+
         Total |   3080 |   3075 |      5 |    384 |   2110 |   2 | 1540.0 |
       Dungeon |   3080 |   3075 |      5 |    384 |   2110 |   2 | 1540.0 |
               +--------+--------+--------+--------+--------+-----+--------+

Top non-repeatable levels by time:
     D:1: 2019 daAuts
     D:2: 1060 daAuts
